 Dungeon Crawl Stone Soup version 0.31.0-12-g77e489cdc1 (webtiles) character file.

Game seed: 855881557001210596

43 wildpjah the Digger (level 3, -1/19 HPs)
             Began as a Gargoyle Earth Elementalist on Feb 13, 2024.
             Slain by a gnoll
             ... wielding a +0 whip
              (2 damage)
             ... on level 2 of the Dungeon.
             The game lasted 00:02:47 (762 turns).

wildpjah the Digger (Gargoyle Earth Elementalist)    Turns: 762, Time: 00:02:47

Health: -1/19      AC:  8    Str: 11    XL:     3   Next: 58%
Magic:  0/7        EV: 12    Int: 17    God:
Gold:   73         SH:  0    Dex: 10    Spells: 6/7 levels left

rFire   . . .        m - +0 whip
rCold   . . .        (no shield)
rNeg    + . .        a - +0 robe
rPois   ∞            (no helmet)
rElec   +            h - +1 cloak
rCorr   .            g - +0 pair of gloves
SInv    .            (no boots)
Will    .....        (no amulet)
Stlth   ++           (no ring)
HPRegen 0.23/turn    (no ring)
MPRegen 0.10/turn

%: no passive effects
@: no status effects
A: sickness immunity, AC +3, negative energy resistance 1, electricity
resistance, torment resistance 1, petrification resistance
a: no special abilities


You were on level 2 of the Dungeon.
You visited 1 branch of the dungeon, and saw 2 of its levels.

You collected 73 gold pieces.

Inventory:

Hand Weapons
 m - a +0 whip (weapon)
Missiles
 l - a throwing net
Armour
 a - a +0 robe (worn)
 g - a +0 pair of gloves (worn)
 h - a +1 cloak (worn)
Scrolls
 c - 3 scrolls of identify {unknown}
 f - a scroll of poison {unknown}
 i - a scroll of fog {unknown}
 k - a scroll of blinking {unknown}
Potions
 b - a potion of magic
 d - a potion of haste {unknown}
 e - a potion of mutation {unknown}
 j - 2 potions of lignification {unknown}


   Skills:
 + Level 2.1 Dodging
 + Level 2.3 Stealth
 + Level 2.7 Spellcasting
 + Level 1.1 Conjurations
 + Level 4.1 Earth Magic


You had 6 spell levels left.
You knew the following spells:

 Your Spells              Type           Power      Damage    Failure   Level
a - Sandblast             Erth           32%        2d9       3%          1

Your spell library contained the following spells:

 Spells                   Type           Power      Damage    Failure   Level
 Passwall                 Erth           16%        N/A       10%         3
 Stone Arrow              Conj/Erth      22%        3d8       19%         3
 Brom's Barrelling Bould  Conj/Erth      11%        2d3       52%         4
 Petrify                  Alch/Erth      9%         N/A       58%         4


Dungeon Overview and Level Annotations

Branches:
Dungeon (2/15)

Altars:


Innate Abilities, Weirdness & Mutations

You are immune to sickness and miasma.
Your stone body is resilient. (AC +3)
You are immune to poison.
You resist negative energy. (rN+)
You are resistant to electric shocks. (rElec)
You are resistant to unholy torment.
You are immune to petrification.


Message History

l - a throwing net You can't see any susceptible monsters within range! (Use Z to cast anyway.)
The blast of sand hits the gnoll but does no damage.
The blast of sand hits the gnoll but does no damage.
The blast of sand hits the gnoll.
The gnoll is lightly wounded.
The gnoll closely misses you.
The blast of sand hits the gnoll but does no damage.
The gnoll is lightly wounded.
The gnoll closely misses you. The gnoll barely misses you.
The blast of sand hits the gnoll but does no damage.
The gnoll is lightly wounded.
The gnoll hits you but does no damage.
The blast of sand hits the gnoll but does no damage.
The gnoll is lightly wounded.
The gnoll misses you. The gnoll hits you with a +0 whip!
The blast of sand hits the gnoll but does no damage.
The gnoll is lightly wounded.
The gnoll hits you with a +0 whip.
You are too injured to fight recklessly!
m - a +0 whip The gnoll completely misses you.
m - a +0 whip (weapon)
The gnoll hits you with a +0 whip.
* * * LOW HITPOINT WARNING * * *
You are too injured to fight recklessly!
Aiming: Sandblast (safe; 3% risk of failure)
Press: ? - help, Q - select action, (/) - cycle Shift-Dir - straight line, f/p - gnoll
Aim: a gnoll, wielding a +0 whip and wearing a +0 scale mail (lightly wounded, 87% to hit)
The blast of sand hits the gnoll but does no damage.
The gnoll is lightly wounded.
The gnoll barely misses you.
You hit the gnoll.
The gnoll is moderately wounded.
The gnoll hits you with a +0 whip.
* * * LOW HITPOINT WARNING * * *
You hit the gnoll but do no damage.
The gnoll is moderately wounded.
The gnoll hits you with a +0 whip.
You die...

.# #.# .#########.#
...........#
.#########.#############
.# #.....)........
.##### #.#####.#######
.....# #.# #.# ####.#
#.# #.# #.# #@#
#......g......# ##
#####.........# .#
#.........# .#
#.........# .#
#.........# .#
#.......... .#
#.........# .#


You could see a gnoll.

Vanquished Creatures
  2 gnolls (D:2)
  3 ball pythons (D:1)
  A bat (D:2)
  An endoplasm (D:1)
  5 hobgoblins
  5 jackals (D:1)
  A quokka (D:1)
  A frilled lizard (D:1)
  A kobold (D:1)
  2 rats
22 creatures vanquished.

Notes
Turn   | Place    | Note
-------+----------+-------------------------------------------
     0 | D:1      | wildpjah the Gargoyle Earth Elementalist began the quest
                  | for the Orb.
     0 | D:1      | Reached XP level 1. HP: 10/10 MP: 3/3
   151 | D:1      | Reached XP level 2. HP: 15/15 MP: 3/5
   282 | D:1      | Reached skill level 4 in Earth Magic
   394 | D:1      | Found a faded altar of an unknown god.
   655 | D:2      | Reached XP level 3. HP: 19/19 MP: 3/6
   762 | D:2      | Slain by a gnoll

Illustrated notes

Levels and vault maps discovered:
D:1:      shiori_arrival_oz, layout_rooms,
          shapermc_ecumenical_altar_totnotflames
D:2:      layout_loops_ring

Skill      XL: |  1  2  3 |
---------------+----------+-----
Earth Magic    | 4 |  4.1
Dodging        | 2 |  2.1
Stealth        | |  2.3
Spellcasting   | |  2.7
Conjurations   | |  1.1

Action                     || total
---------------------------++-------
  Melee: Unarmed           ||    17
         Whip              ||     2
   Cast: Sandblast         ||    37
 Armour: Robe              ||    27
  Dodge: Dodged            ||    20
